 Dungeon Crawl Stone Soup version 0.17-a0-1421-g95311d7 (webtiles) character file.

168 emikaela the Skirmisher (level 5, -6/37 HPs)
             Began as a Halfling Abyssal Knight on June 23, 2015.
             Was a Follower of Lugonu.
             Killed from afar by an orc wizard (9 damage)
             ... with a magic dart
             ... on level 4 of the Dungeon on June 24, 2015.
             The game lasted 00:14:43 (2488 turns).

emikaela the Skirmisher (Halfling Abyssal Knight)   Turns: 2488, Time: 00:14:43

Health: -6/37      AC:  5    Str: 12    XL:     5   Next: 78%
Magic:  6/6        EV: 16    Int: 11    God:    Lugonu [*.....]
Gold:   123        SH:  0    Dex: 15    Spells: 1 memorised, 3 levels left

rFire  . . .     SeeInvis .     b - +0 hunting sling
rCold  . . .     Clarity  +     g - +0 leather armour
rNeg   . . .     SustAt   .     (shield restricted)
rPois  .         Gourm    .     e - +0 helmet
rElec  .         Spirit   .     k - +0 cloak
rCorr  .         Warding  .     (no gloves)
rMut   .         Stasis   .     (no boots)
MR     .....                    m - amulet of clarity
Stlth  ..........               (no ring)
                                p - ring of loudness (curse)

@: not resistant to hostile enchantments, extremely unstealthy
A: mutation resistance 1
a: Depart the Abyss, Renounce Religion


You were on level 4 of the Dungeon.
You worshipped Lugonu.
Lugonu was aware of your devotion.
You were not hungry.

You visited 1 branch of the dungeon, and saw 4 of its levels.
You visited the Abyss 1 time.

You collected 123 gold pieces.

Inventory:

Hand weapons
 a - a +0 mace of crushing
 b - a +0 hunting sling (weapon)
 d - a +1 short sword
Missiles
 i - 90 stones (quivered)
 s - 32 arrows
 w - 20 sling bullets
Armour
 e - a +0 helmet (worn)
 g - a +0 leather armour (worn)
 k - a +0 cloak (worn)
Jewellery
 m - an amulet of clarity (around neck)
 p - a cursed ring of loudness (left hand)
Magical devices
 t - a wand of fireball (13)
Scrolls
 h - 2 scrolls of recharging
 n - a scroll of identify {unknown}
 q - a scroll of enchant weapon {unknown}
 v - a scroll of magic mapping {unknown}
 x - a scroll of fear {unknown}
 A - a scroll of fog {unknown}
Potions
 l - a potion of curing {unknown}
 o - a potion of resistance
 z - a potion of brilliance {unknown}
 B - a potion of invisibility {unknown}
 C - a potion of lignification {unknown}
Books
 r - a book of Beasts
Comestibles
 c - 2 bread rations
 f - a slice of pizza
 j - 9 fruits


   Skills:
 + Level 4.0 Fighting
 - Level 2.6 Short Blades
 + Level 2.4 Slings
 - Level 2.1 Armour
 + Level 3.8 Dodging
 - Level 2.0 Invocations


You had 3 spell levels left.
You knew the following spells:

 Your Spells              Type           Power        Failure   Level  Hunger
a - Summon Butterflies    Summ           #.......     45%         1    ##.....


Dungeon Overview and Level Annotations

Branches:
Dungeon (4/15)
 Temple: D:4-7

Altars:
Qazlal

Annotations:
D:2 Jessica, Sigmund, Terence
D:3 herpmino's ghost, average DsBe
D:4 Dowan; Duvessa


Innate Abilities, Weirdness & Mutations

You are small and have problems with some larger weapons.
You are somewhat resistant to further mutation.


Message History

* * * LOW HITPOINT WARNING * * *
The orc wizard points at you and mumbles some strange words.
The magic dart hits you!
* * * LOW HITPOINT WARNING * * *
You see here a stone.
The orc wizard hits you but does no damage.
Dowan points at the orc and mumbles some strange words.
The orc wizard misses you.
The orc wizard gestures wildly while chanting.
The orc wizard blinks!
Duvessa says, "My weaknesses are his strengths!"
The orc wizard casts a spell.
The orc wizard blinks!
Dowan casts a spell.
Dowan blinks!
You see here 4 stones.
The orc wizard misses you.
The orc wizard points at you and mumbles some strange words.
The magic dart hits you!
You die...

##(.##
##..##
#(.e#
###.##
##o##
##o##
##(##
#o.##
###@##
##<##
##.#
###


You could see Duvessa, an orc wizard and 2 orcs.

Vanquished Creatures
  A scorpion (D:4)
  Ijyb (D:1)
  A hound (D:3)
  A hound skeleton (D:4)
  An adder (D:2)
  A giant gecko (D:1)
  2 giant cockroaches
  4 goblins
  5 hobgoblins
  2 jackals (D:1)
  6 kobolds
  A quokka (D:3)
  5 bats
  2 giant newts
  3 rats
36 creatures vanquished.

Notes
Turn   | Place    | Note
--------------------------------------------------------------
     0 | Abyss:1  | emikaela the Halfling Abyssal Knight began the quest for the Orb.
     0 | Abyss:1  | Reached XP level 1. HP: 15/15 MP: 2/2
   146 | Abyss:1  | Found a corrupted altar of Lugonu.
   149 | Abyss:1  | Noticed a sun demon
   169 | D:1      | Escaped the Abyss
   567 | D:1      | Reached XP level 2. HP: 14/20 MP: 3/3
   797 | D:1      | Reached skill level 3 in Fighting
   799 | D:1      | Acquired Lugonu's first power
  1215 | D:1      | Reached XP level 3. HP: 21/26 MP: 4/4
  1353 | D:1      | Learned a level 1 spell: Summon Butterflies
  1566 | D:2      | Noticed Ijyb
  1570 | D:2      | Noticed Sigmund
  1602 | D:1      | Killed Ijyb
  1602 | D:1      | Reached XP level 4. HP: 17/31 MP: 5/5
  1778 | D:2      | Noticed Terence
  1846 | D:2      | Found a stormy altar of Qazlal.
  1969 | D:2      | Noticed Jessica
  2113 | D:3      | Reached skill level 1 in Slings
  2113 | D:3      | Reached XP level 5. HP: 32/37 MP: 6/6
  2124 | D:3      | Noticed herpmino's ghost (average DsBe)
  2197 | D:4      | Upgraded the game from 0.17-a0-1411-g06ff558 to 0.17-a0-1421-g95311d7
  2248 | D:4      | Reached skill level 4 in Fighting
  2438 | D:4      | Noticed Duvessa
  2443 | D:4      | Noticed Dowan
  2488 | D:4      | Killed from afar by an orc wizard

Vault maps used:
D:1:      minmay_arrival_checkered_box, minivault_5
D:2:      grunt_qazlal_clouds, uniq_terence, uniq_iyjb, uniq_jessica,
          uniq_sigmund
D:4:      grunt_temple_overflow_diamond, kennysheep_mini_moat,
          minmay_temple_entry_statues_fountains, uniq_robin, uniq_duvessa
Abyss:1:  small_statue_intersection

Action                   |  1- 3 |  4- 6 || total
-------------------------+-------+-------++-------
Melee: Mace              |    73 |    19 ||    92
 Fire: Hunting sling     |    34 |    54 ||    88
Throw: Stone             |       |     1 ||     1
       Throwing net      |       |     1 ||     1
Invok: Depart the Abyss  |     1 |       ||     1
  Use: Scroll            |       |     1 ||     1
  Eat: Chunk             |     2 |     3 ||     5
